 Dungeon Crawl Stone Soup version 0.30-a0-347-gf58ed5266c (webtiles) character file.

Game seed: 13491037919115016603

48 greenreed the Shooter (level 3, -1/27 HPs)
             Began as a Demonspawn Hunter on Nov 5, 2022.
             Slain by Natasha (5 damage)
             ... on level 2 of the Dungeon.
             The game lasted 00:02:19 (1204 turns).

greenreed the Shooter (Demonspawn Hunter)           Turns: 1204, Time: 00:02:19

Health: -1/27      AC:  4    Str: 11    XL:     3   Next: 50%
Magic:  3/3        EV: 12    Int: 10    God:
Gold:   90         SH:  0    Dex: 18    Spells: 2/2 levels left

rFire   . . .      SeeInvis .    a - +0 shortbow
rCold   . . .      Faith    .    (shield currently unavailable)
rNeg    . . .      Spirit   .    c - +0 leather armour
rPois   .          Reflect  .    (no helmet)
rElec   .          Harm     .    (no cloak)
rCorr   .          Rampage  .    (no gloves)
Will    .....                    g - +0 pair of boots
Stlth   ++........               (no amulet)
HPRegen 0.24/turn                (no ring)
MPRegen 0.16/turn                (no ring)

@: slowed, very slow
A: magic regeneration
a: no special abilities


You were on level 2 of the Dungeon.
You visited 1 branch of the dungeon, and saw 2 of its levels.

You collected 90 gold pieces.

Inventory:

Hand Weapons
 a - a +0 shortbow (weapon)
Armour
 c - a +0 leather armour (worn)
 g - a +0 pair of boots (worn)
Scrolls
 b - a scroll of immolation
 e - a scroll of identify {unknown}
 f - a scroll of summoning {unknown}
 h - a scroll of blinking {unknown}
 i - 3 scrolls of amnesia {unknown}
 j - a scroll of torment {unknown}
 l - a scroll of teleportation {unknown}
Potions
 d - a potion of haste {unknown}
 k - a potion of ambrosia {unknown}
 m - a potion of attraction {unknown}


   Skills:
 * Level 2.2 Fighting
 * Level 4.6 Ranged Weapons
 + Level 1.9 Dodging
 + Level 0.8 Stealth


You had 2 spell levels left.
You didn't know any spells.
Your spell library was empty.

Dungeon Overview and Level Annotations

Branches:
Dungeon (2/15)

Altars:

Annotations:
D:2 Natasha


Innate Abilities, Weirdness & Mutations

You regenerate magic rapidly.


Message History

Natasha, Servant of Life and Death comes into view.
You shoot an arrow. The arrow hits Natasha.
Natasha is moderately wounded.
You shoot an arrow. The arrow closely misses Natasha.
Natasha claws you!
You shoot an arrow.
The arrow hits Natasha but does no damage.
Natasha is moderately wounded.
Natasha claws you.
Natasha stares at you and mumbles some strange words.
You resist with significant effort.
You shoot an arrow. The arrow closely misses Natasha.
Natasha barely misses you.
You shoot an arrow. The arrow hits Natasha.
Natasha is moderately wounded.
Natasha claws you but does no damage.
You shoot an arrow. The arrow hits Natasha.
Natasha is severely wounded.
Natasha stares at you and mumbles some strange words.
You feel yourself slow down.
You shoot an arrow. The arrow barely misses Natasha.
Natasha casts a spell at you. The magic dart hits you.
Natasha barely misses you.
You are too injured to fight recklessly!
You shoot an arrow. The arrow closely misses Natasha.
Natasha mumbles some strange words.
Natasha barely misses you.
Natasha stares at you and mumbles some strange words.
You feel as though you will be slow longer.
You shoot an arrow. The arrow barely misses Natasha.
Natasha stares at you and mumbles some strange words.
The magic dart hits you!
* * * LOW HITPOINT WARNING * * *
You shoot an arrow. The arrow closely misses Natasha.
The arrow hits the shadow imp.
The shadow imp is lightly wounded.
Natasha completely misses you. Natasha closely misses you.
You shoot an arrow. The arrow hits Natasha.
Natasha is almost dead.
Natasha claws you.
You die...

#...## #.# #.###
#†. #..######.# ...
#.......#.# ...
#.......#.#####
####.......##.##
#....#.##P.. ####
##
#.......##.####<..#
.#
##...#..#####@h5..#
.#
#...#†.......#...#
## ##..#.########
..# #..#.# .#
####.# # ..# .## ..
..


You could see Natasha and a shadow imp (summoned).

Vanquished Creatures
  2 adders (D:2)
  A worm (D:2)
  3 bats
  2 endoplasms
  A giant cockroach (D:1)
  A goblin (D:1)
  6 hobgoblins
  2 kobolds (D:1)
  A ball python (D:1)
  4 frilled lizards (D:1)
  4 rats
27 creatures vanquished.

Notes
Turn   | Place    | Note
-------+----------+-------------------------------------------
     0 | D:1      | greenreed the Demonspawn Hunter began the quest for the
                  | Orb.
     0 | D:1      | Reached XP level 1. HP: 16/16 MP: 1/1
   228 | D:1      | Reached skill level 4 in Ranged Weapons
   228 | D:1      | Gained mutation: You regenerate magic rapidly. [demonic
                  | ancestry]
   228 | D:1      | Reached XP level 2. HP: 22/22 MP: 2/2
   854 | D:2      | Reached XP level 3. HP: 27/27 MP: 3/3
  1193 | D:2      | Noticed Natasha
  1204 | D:2      | Slain by Natasha

Illustrated notes

Levels and vault maps discovered:
D:1:      dpeg_arrival_simpleton_b, layout_loops_ring
D:2:      layout_rooms, basic_ecumenical_altar, serial_aquarium,
          aquarium_bridge_long_separate [aquarium_subvault_bridge,
          aquarium_subvault_wall, aquarium_subvault_window,
          aquarium_subvault_wall, aquarium_subvault_bridge,
          aquarium_subvault_window], aquarium_bridge_straight
          [aquarium_subvault_bridge, aquarium_subvault_window,
          aquarium_subvault_bridge, aquarium_subvault_window],
          aquarium_window_1, aquarium_window_1, aquarium_view_2b,
          aquarium_view_2c, aquarium_balcony_double_2, uniq_natasha,
          uniq_crazy_yiuf_cottage

Skill      XL: |  1 |
---------------+----+-----
Ranged Weapons | 4 |  4.6
Fighting       | |  2.2
Dodging        | |  1.9
Stealth        | |  0.8

Action                   || total
-------------------------++-------
 Fire: Shortbow          ||    79
Armor: Leather armour    ||     6
Dodge: Dodged            ||    20

Table legend: (Time is in decaauts)
 A = Elapsed time spent in this place.
 B = Non-inter-level travel time spent in this place.
 C = Inter-level travel time spent in this place.
 D = Time resting spent in this place.
 E = Time spent auto-exploring this place.
 F = Levels seen in this place.
 G = Mean time per level.
                   A        B        C        D        E       F      G
               +--------+--------+--------+--------+--------+-----+--------+
         Total |   1231 |   1189 |     42 |      0 |   1009 |   2 |  615.5 |
       Dungeon |   1231 |   1189 |     42 |      0 |   1009 |   2 |  615.5 |
               +--------+--------+--------+--------+--------+-----+--------+

Top non-repeatable levels by time:
     D:1: 740 daAuts
     D:2: 491 daAuts
